 Dungeon Crawl Stone Soup version 0.19-a0-994-g3c636f0 (webtiles) character file.

3370 matakusis the Nimble (level 9, -9/69 HPs)
             Began as a Demonspawn Gladiator on July 16, 2016.
             Was a Follower of Hepliaklqana.
             Killed by divine providence
             ... invoked by an orc priest
              (13 damage)
             ... on level 8 of the Dungeon.
             The game lasted 00:21:43 (7401 turns).

matakusis the Nimble (Demonspawn Gladiator)         Turns: 7401, Time: 00:21:43

Health: -9/69      AC: 14    Str: 15    XL:     9   Next: 73%
Magic:  9/9        EV: 20    Int:  9    God:    Hepliaklqana [*.....]
Gold:   542        SH:  0    Dex: 16    Spells: 0 memorised, 8 levels left

rFire  . . .     SeeInvis .     a - +0 long sword
rCold  . . .     Gourm    .     b - +1 leather armour
rNeg   . . .     Faith    .     (no shield)
rPois  +         Spirit   .     (helmet restricted)
rElec  .         Dismiss  .     (no cloak)
rCorr  .         Reflect  .     (no gloves)
SustAt .         Harm     .     g - +2 pair of boots {run}
MR     .....                    h - amulet of inaccuracy (curse)
Stlth  +.........               y - ring of poison resistance
                                l - +4 ring of evasion

@: slowed, very heavily drained, very slow, not resistant to hostile
enchantments, very unstealthy
A: horns 2, rough black scales 2, foul stench 1, rot immunity
a: Recall Ancestor, Ancestor Identity, Renounce Religion


You were on level 8 of the Dungeon.
You worshipped Hepliaklqana.
Hepliaklqana was aware of your devotion.
You were not hungry.

You visited 2 branches of the dungeon, and saw 9 of its levels.

You collected 542 gold pieces.

Inventory:

Hand Weapons
 a - a +0 long sword (weapon)
Missiles
 d - 7 throwing nets (quivered)
Armour
 b - a +1 leather armour (worn)
 g - a +2 pair of boots of running (worn)
Jewellery
 h - a cursed amulet of inaccuracy (around neck)
 l - a +4 ring of evasion (left hand)
 y - a ring of poison resistance (right hand)
 B - an uncursed amulet of dismissal {unknown}
Wands
 s - a wand of digging (15/24)
 t - a wand of flame (24/48)
 u - a wand of lightning (8/15)
 w - a wand of iceblast (8/15)
 x - a wand of disintegration (7/24)
Scrolls
 e - a scroll of blinking
 i - 4 scrolls of magic mapping
 o - a scroll of enchant armour
 p - 2 scrolls of recharging
 q - 3 scrolls of amnesia
 r - a scroll of teleportation
 z - 3 scrolls of identify
Potions
 c - 5 potions of curing
 m - 4 potions of brilliance
 n - a potion of haste
 C - a potion of lignification
Comestibles
 f - 8 bread rations
 j - 2 meat rations
 k - 10 beef jerkies
 v - 2 chunks of flesh
 A - 3 fruits


   Skills:
 * Level 6.0(2.4) Fighting
 + Level 5.5(1.9) Long Blades
 - Level 1.7(0.0) Throwing
 + Level 3.0(0.0) Armour
 * Level 10.3(6.3) Dodging


You had 8 spell levels left.
You didn't know any spells.

Dungeon Overview and Level Annotations

Branches:
Dungeon (8/15)             Temple (1/1) D:5
   Lair: D:8-11

Altars:
Ashenzari
Cheibriados
Dithmenos
Elyvilon
Fedhas
Gozag
Hepliaklqana
Kikubaaqudgha
Makhleb
Nemelex Xobeh
Okawaru
Pakellas
Qazlal
Ru
Sif Muna
Trog
Uskayaw
Vehumet
Xom
Yredelemnul
Zin
The Shining One


Innate Abilities, Weirdness & Mutations

You have a pair of horns on your head.
You are mostly covered in rough black scales. (AC +7, Dex -2)
You may emit foul miasma when damaged in melee.
You are immune to rotting.


Message History

The orc warrior hits you but does no damage.
You feel drained.
The orc warrior hits Leofdaeg with a hand axe of draining.
You hit the orc warrior.
The orc warrior is almost dead.
The orc warrior hits you but does no damage.
You feel drained.
The orc warrior hits Leofdaeg with a hand axe of draining.
Leofdaeg hits the orc warrior but does no damage.
The orc warrior hits you with a hand axe of draining!!
* * * LOW HITPOINT WARNING * * *
You feel drained.
* * * LOW HITPOINT WARNING * * *
The orc warrior hits Leofdaeg with a hand axe of draining.
You hit the orc warrior but do no damage.
The orc warrior is almost dead.
Leofdaeg is no longer moving slowly.
The orc priest calls down the wrath of Beogh upon you.
Beogh smites you!
You die...

.##. ...... .......
...... . ### #...# .#
#+
##..##+####...##.##...
#......................
#......o...............
#.....@o...............
#......R...............
##....................#
#.........)..<........#
#.......##.......##...#
##########......<##...#
#..........).o.
#..........<.oo
#..............


You could see the friendly Leofdaeg the ancestor, an orc warrior and an orc
priest.

Vanquished Creatures
  3 yaks (D:7)
  Eustachio (D:5)
  A hippogriff (D:7)
  An orc warrior (D:6)
  2 ogres
  A centaur (D:7)
  A big kobold (D:5)
  Blork the orc (D:5)
  2 giant frogs
  2 killer bees (D:7)
  A howler monkey (D:6)
  A crimson imp (D:6)
  A giant frog zombie (D:7)
  3 hounds
  4 orc priests
  3 orc wizards
  A jelly (D:5)
  A giant frog skeleton (D:5)
  Ijyb (D:3)
  2 iguanas (D:4)
  8 worker ants
  4 hound skeletons
  5 gnolls (D:5)
  5 adders
  A shadow imp (D:6)
  An ooze (D:3)
  An adder skeleton (D:6)
  3 worms
  5 giant geckos
  21 orcs
  A ball python (D:7)
  5 bats
  10 goblins
  7 hobgoblins
  8 jackals
  3 quokkas
  A ball python skeleton (D:4)
  A giant newt (D:3)
  48 kobolds
  A quokka zombie (D:5)
  9 rats
181 creatures vanquished.

Vanquished Creatures (collateral kills)
  A sky beast (D:5)
  A black bear (D:7)
  A necrophage (D:7)
  An ogre (D:8)
  2 big kobolds (D:5)
  2 giant frogs
  A killer bee (D:7)
  2 crimson imps (D:6)
  A jelly (D:5)
  2 orc priests
  An orc wizard (D:8)
  A centaur skeleton (D:5)
  An iguana (D:5)
  A worker ant (D:6)
  An adder (D:7)
  A shadow imp (D:5)
  2 orcs (D:6)
  2 hobgoblins (D:5)
  15 kobolds (D:5)
  A quokka (D:7)
  A quokka zombie (D:7)
41 creatures vanquished.

Grand Total: 222 creatures vanquished

Notes
Turn   | Place    | Note
-------+----------+-------------------------------------------
     0 | D:1      | matakusis the Demonspawn Gladiator began the quest for the Orb.
     0 | D:1      | Reached XP level 1. HP: 16/16 MP: 1/1
   226 | D:1      | Reached skill level 3 in Dodging
   228 | D:1      | Gained mutation: You are partially covered in rough black scales. (AC +4, Dex -1) [demonic ancestry]
   228 | D:1      | Reached XP level 2. HP: 22/22 MP: 2/2
  1153 | D:2      | Gained mutation: You are immune to rotting. [demonic ancestry]
  1153 | D:2      | Reached XP level 3. HP: 28/28 MP: 3/3
  1746 | D:3      | Gained mutation: You have a pair of small horns on your head. [demonic ancestry]
  1746 | D:3      | Reached XP level 4. HP: 33/34 MP: 4/4
  1763 | D:3      | Noticed Ijyb
  1780 | D:3      | Killed Ijyb
  1780 | D:3      | Reached skill level 1 in Armour
  1780 | D:3      | Reached skill level 4 in Dodging
  1850 | D:3      | Found an iron altar of Okawaru.
  1986 | D:3      | Reached XP level 5. HP: 41/41 MP: 5/5
  2390 | D:4      | Identified a +2 pair of boots of running (You found it on level 4 of the Dungeon)
  2392 | D:4      | Found a glowing golden altar of the Shining One.
  2408 | D:4      | Noticed an ogre
  2414 | D:4      | Killed an ogre
  2414 | D:4      | Gained mutation: You are mostly covered in rough black scales. (AC +7, Dex -2) [demonic ancestry]
  2414 | D:4      | Reached XP level 6. HP: 40/47 MP: 6/6
  2447 | D:4      | Reached skill level 5 in Dodging
  2916 | D:5      | Entered Level 5 of the Dungeon
  2933 | D:5      | Reached XP level 7. HP: 24/52 MP: 7/7
  2974 | D:5      | Noticed Eustachio
  3237 | D:5      | Found a snail-covered altar of Cheibriados.
  3314 | D:5      | Reached skill level 6 in Dodging
  3347 | D:5      | Found a sparkling altar of Nemelex Xobeh.
  3353 | D:5      | Found an oddly glowing altar of Pakellas.
  3601 | D:5      | Noticed Blork the orc
  3615 | D:5      | Killed Blork the orc
  3768 | D:5      | Killed Eustachio
  4062 | D:5      | Found a glowing silver altar of Zin.
  4090 | D:5      | Found a staircase to the Ecumenical Temple.
  4107 | Temple   | Entered the Ecumenical Temple
  4199 | Temple   | Became a worshipper of Hepliaklqana
  4226 | D:5      | Reached skill level 7 in Dodging
  4228 | D:5      | Gained mutation: You may emit foul miasma when damaged in melee. [demonic ancestry]
  4228 | D:5      | Reached XP level 8. HP: 60/60 MP: 6/8
  4718 | D:5      | Reached skill level 8 in Dodging
  5674 | D:6      | Found a radiant altar of Vehumet.
  5746 | D:6      | Reached * piety under Hepliaklqana
  5755 | D:6      | Found a hide-covered altar of Uskayaw.
  5853 | D:6      | Reached skill level 5 in Fighting
  5901 | D:6      | Reached skill level 9 in Dodging
  6228 | D:7      | Gained mutation: You have a pair of horns on your head. [demonic ancestry]
  6228 | D:7      | Reached XP level 9. HP: 57/68 MP: 7/9
  6360 | D:7      | Reached skill level 5 in Long Blades
  6756 | D:7      | Reached skill level 10 in Dodging
  7401 | D:8      | Killed from afar by an orc priest

Vault maps used:
D:1:      eino_arrival_tree_alley, minmay_misc_feat_four_crosses
D:3:      kennysheep_okawaru_gauntlet, dk_noncrumbling_2, uniq_iyjb
D:4:      nicolae_overflow_crystal_walls
D:5:      minmay_goblin_kobold_castle, lemuel_round_altar, slow_altar_1,
          nemelex_xobeh_ov_fountains_minmay, first_bread, grunt_pakellas_sulfur,
          uniq_eustachio, uniq_blork_the_orc
D:6:      eat_drink_and_be_merry_uskayaw, vehumet_altar_wand_db, st_stairs_5
D:7:      grunt_ogre_cave
D:8:      uniq_maurice, uniq_psyche
Temple:   nicolae_temple_great_sept

Skill      XL: |  1  2  3  4  5  6  7  8  9 |
---------------+----------------------------+-----
Dodging        | 3 4 5 7 9 10 | 10.3
Armour         | 1 2 3 |  3.0
Fighting       | 3 4 5 6 |  6.0
Long Blades    | 3 4 5 |  5.5
Throwing       | |  1.7

Action                   |  1- 3 |  4- 6 |  7- 9 || total
-------------------------+-------+-------+-------++-------
Melee: Long sword        |   157 |   127 |   816 ||  1100
       Headbutt          |       |    28 |   124 ||   152
Throw: Throwing net      |       |       |     2 ||     2
Invok: Recall Ancestor   |       |       |     6 ||     6
  Use: Scroll            |     4 |     5 |     3 ||    12
       Potion            |       |     1 |     5 ||     6
 Stab: Sleeping          |     1 |       |       ||     1
       Distracted        |       |       |     5 ||     5
  Eat: Chunk             |     3 |     4 |    15 ||    22
Armor: Leather armour    |    36 |    17 |   193 ||   246
Dodge: Dodged            |   118 |   105 |   749 ||   972
